 Dungeon Crawl Stone Soup version 0.27-a0-346-ga689d4a613 (webtiles) character file.

Game seed: 11877734585280634389

356 jestyr24 the Digger (level 6, -14/33 HPs)
             Began as a Gargoyle Earth Elementalist on Feb 16, 2021.
             Demolished by an orc wizard
             ... wielding a +1 dagger of distortion
              (17 damage)
             ... on level 3 of the Dungeon.
             The game lasted 00:23:09 (1899 turns).

jestyr24 the Digger (Gargoyle Earth Elementalist)   Turns: 1899, Time: 00:23:11

Health: -14/33     AC:  7    Str: 11    XL:     6   Next: 63%
Magic:  11/13      EV: 12    Int: 18    God:
Gold:   61         SH:  0    Dex: 10    Spells: 13/14 levels left

rFire    . . .     SeeInvis .   k - +2 war axe (flame)
rCold    + . .     Faith    .   (no shield)
rNeg     + . .     Spirit   .   c - +0 robe
rPois    ∞         Reflect  .   (no helmet)
rElec    +         Harm     .   (no cloak)
rCorr    .         Rampage  .   g - +0 pair of gloves
Will     .....                  (no boots)
Stlth    ++........             (no amulet)
HPRegen  0.11/turn              m - ring of protection from cold
MPRegen  0.13/turn              (no ring)

@: no status effects
A: negative energy resistance 1, electricity resistance, unbreathing,
petrification resistance, miasma immunity, AC +4
a: no special abilities


You were on level 3 of the Dungeon.
You visited 1 branch of the dungeon, and saw 3 of its levels.

You collected 61 gold pieces.

Inventory:

Hand Weapons
 a - a +0 dagger
 k - a +2 war axe of flaming (weapon)
Missiles
 b - 113 stones
 j - 15 poisoned darts
Armour
 c - a +0 robe (worn)
 g - a +0 pair of gloves (worn)
Jewellery
 m - a ring of protection from cold (left hand)
Scrolls
 e - a scroll of immolation {unknown}
 h - a scroll of teleportation {unknown}
 i - 2 scrolls of magic mapping {unknown}
 l - a scroll of random uselessness {unknown}
 n - a scroll of noise {unknown}
Potions
 d - a potion of ambrosia {unknown}
 f - 3 potions of curing {unknown}


   Skills:
 + Level 0.5 Fighting
 - Level 0.7 Short Blades
 + Level 2.1 Dodging
 + Level 2.5 Stealth
 + Level 4.8 Spellcasting
 + Level 0.7 Transmutations
 + Level 5.6 Earth Magic


You had 13 spell levels left.
You knew the following spells:

 Your Spells              Type           Power        Failure   Level
a - Sandblast             Erth           48%          1%          1

Your spell library contained the following spells:

 Spells                   Type           Power        Failure   Level
 Passwall                 Tmut/Erth      12%          5%          2
 Stone Arrow              Conj/Erth      28%          13%         3
 Petrify                  Tmut/Erth      15%          36%         4
 Lee's Rapid Deconstruct  Erth           12%          36%         5


Dungeon Overview and Level Annotations

Branches:
Dungeon (2/15)

Altars:
Xom


Innate Abilities, Weirdness & Mutations

You are resistant to torment.
Your stone body is resilient. (AC +4)
You are immune to poison.
You resist negative energy. (rN+)
You are resistant to electric shocks. (rElec)
You can survive without breathing.
You are immune to petrification.
You are immune to miasma.


Message History

An orc comes into view. It is wielding a +0 trident.
The giant cockroach bites you but does no damage.
You barely miss the giant cockroach.
The giant cockroach closely misses you. x2
You closely miss the giant cockroach. The giant cockroach closely misses you.
You hit the giant cockroach. You burn the giant cockroach.
You kill the giant cockroach!
The orc wizard casts a spell at itself.
The orc wizard flickers and vanishes!
Deactivating autopickup; reactivate with Ctrl-A.
The orc hits you from afar with a +0 trident.
The leopard gecko closely misses you.
You hit the leopard gecko. You burn the leopard gecko.
You kill the leopard gecko!
The orc barely misses you.
The orc priest mumbles some strange prayers to Beogh against you.
Beogh smites you!
* * * LOW HITPOINT WARNING * * *
You hit the orc. You burn the orc.
The orc is heavily wounded.
The orc misses you. The orc closely misses you.
You barely miss the orc.
The orc is heavily wounded.
The orc hits you.
* * * LOW HITPOINT WARNING * * *
Casting: Sandblast (safe; 1% risk of failure)
Confirm with . or Enter, or press ? or * to list all spells.
Aiming: Sandblast (safe; 1% risk of failure)
Press: ? - help, Shift-Dir - straight line, f - orc
Aim: an orc, wearing a +0 ring mail (heavily wounded, 17% to evade)
The blast of sand hits the orc.
You kill the orc!
Casting: Sandblast (safe; 1% risk of failure)
Confirm with . or Enter, or press ? or * to list all spells.
Aiming: Sandblast (safe; 1% risk of failure)
Press: ? - help, Shift-Dir - straight line, f - orc priest
Aim: an orc priest, wielding a +0 hand axe and wearing a +0 leather armour (19% to evade)
The blast of sand hits something.
Something hits you but does no damage. Space warps horribly around you!
Ouch! That really hurt!
You die...

#.#...............)##<.#...#
#.#................##..#...#
.....................##...#
#.................#.##...#
##............>....#.##...#
###.................##.##...#
#..........##......###.#..#.#
..........o###.###.# #.#.##.#
#⌠##......o[@..##..###.#)# .#
####)#####...#........# .#
#.(...###....##....##
#..)†....#####.......#
#)..†#...........#..##
._...⌠..######....K#######
..≈..#... ..... ≈.♣._#....
.###. ^_.. #..... .


You could see an orc priest and an orc.

Vanquished Creatures
  The ghost of mobtown the Grave Robber, an amateur DENe (D:3)
  A bullfrog (D:3)
  A scorpion (D:3)
  2 orc wizards (D:3)
  4 adders
  An adder zombie (D:1)
  A worm (D:2)
  4 dart slugs
  4 leopard geckos
  2 orcs (D:3)
  6 giant cockroaches
  11 goblins
  3 hobgoblins
  9 jackals (D:1)
  7 kobolds
  3 bats
  2 frilled lizards
  A quokka zombie (D:1)
  7 rats
70 creatures vanquished.

Notes
Turn   | Place    | Note
-------+----------+-------------------------------------------
     0 | D:1      | jestyr24 the Gargoyle Earth Elementalist began the quest
                  | for the Orb.
     0 | D:1      | Reached XP level 1. HP: 10/10 MP: 3/3
    93 | D:1      | Reached XP level 2. HP: 15/15 MP: 0/5
   373 | D:1      | Reached skill level 4 in Earth Magic
   480 | D:1      | Reached XP level 3. HP: 10/19 MP: 7/7
  1173 | D:2      | Reached XP level 4. HP: 23/24 MP: 3/8
  1601 | D:2      | You fall into a shaft and drop 1 floor!
  1643 | D:3      | Found a runed translucent door.
  1648 | D:3      | Noticed a bullfrog
  1649 | D:3      | Noticed mobtown's ghost (amateur DENe)
  1655 | D:3      | Killed a bullfrog
  1656 | D:3      | Reached XP level 5. HP: 26/28 MP: 5/11
  1659 | D:3      | Killed mobtown's ghost
  1660 | D:3      | Reached skill level 5 in Earth Magic
  1763 | D:3      | Reached XP level 6. HP: 31/32 MP: 12/12
  1848 | D:3      | Found a shimmering altar of Xom.
  1863 | D:3      | Found a shimmering altar of Xom.
  1864 | D:3      | Found a shimmering altar of Xom.
  1899 | D:3      | Demolished by an orc wizard

Illustrated notes

Levels and vault maps discovered:
D:1:      saegor_arrival_fortress, layout_rooms
D:2:      layout_loops_ring, kennysheep_nub
D:3:      layout_rooms, xom_redecorated, hangedman_ru_absence,
          ebering_ghost_sewer_d

Skill      XL: |  1  2  3  4  5  6 |
---------------+-------------------+-----
Earth Magic    | 4 5 |  5.6
Spellcasting   | 3 4 |  4.8
Dodging        | 2 |  2.1
Fighting       | |  0.5
Short Blades   | |  0.7
Stealth        | |  2.5
Transmutations | |  0.7

Action                   |  1- 3 |  4- 6 || total
-------------------------+-------+-------++-------
Melee: Dagger            |    44 |       ||    44
       War axe           |       |    38 ||    38
 Cast: Sandblast         |    45 |    34 ||    79
 Stab: Distracted        |     1 |       ||     1
Armor: Robe              |    19 |    20 ||    39
Dodge: Dodged            |    44 |    59 ||   103

Table legend: (Time is in decaauts)
 A = Elapsed time spent in this place.
 B = Non-inter-level travel time spent in this place.
 C = Inter-level travel time spent in this place.
 D = Time resting spent in this place.
 E = Time spent auto-exploring this place.
 F = Levels seen in this place.
 G = Mean time per level.
                   A        B        C        D        E       F      G
               +--------+--------+--------+--------+--------+-----+--------+
         Total |   1920 |   1829 |     91 |    557 |    472 |   3 |  640.0 |
       Dungeon |   1920 |   1829 |     91 |    557 |    472 |   3 |  640.0 |
               +--------+--------+--------+--------+--------+-----+--------+

Top non-repeatable levels by time:
     D:1: 1167 daAuts
     D:2: 436 daAuts
     D:3: 316 daAuts
